Map: King's Cove LE

Players

choinga - Winner!

  • Race: Protoss Protoss
  • League: Platinum
  • Spawn Location: 5:00

EbonCobra

  • Race: Protoss Protoss
  • League: Platinum
  • Spawn Location: 11:00

VOD

Have the link to the VOD?

Description

Time

  • Played on: March 19, 2019, 6:50 p.m.
  • Length: 5:53
Show
View Real Time Build Order
Export as new Build Order

choinga Protoss - Winner!

Build Orders:  

Get SALT Encoding   

  12  0:03  Probe  
  13  0:15  Probe  
  13  0:21  Pylon  
  14  0:28  Probe  
  15  0:43  Forge  
  15  0:59  Pylon  
  15  1:22  Photon Cannon  
  15  1:23  Photon Cannon  
  15  1:28  Gateway  
  14  2:08  Zealot  
  15  2:29  Zealot  
  17  2:45  Pylon  
  17  2:49  Zealot  
  17  3:05  Photon Cannon  
  17  3:06  Photon Cannon  
  17  3:07  Zealot  
  17  3:08  Photon Cannon  
  19  3:28  Zealot  
  17  3:53  Zealot  
  17  4:12  Zealot  
  15  4:40  Zealot  
  15  4:47  Cybernetics Core  
  15  4:50  Assimilator  
  15  4:51  Probe  
  16  4:56  Assimilator  
  16  4:59  Pylon  
  16  5:03  Probe  
  15  5:15  Probe  
  16  5:27  Probe  
  19  5:39  Probe  
  20  5:42  Gateway  
  20  5:44  Gateway  
Show
View Real Time Build Order
Export as new Build Order

EbonCobra Protoss 

Build Orders:  

Get SALT Encoding   

  12  0:00  Probe  
  13  0:13  Probe  
  14  0:21  Pylon  
  14  0:25  Probe  
  15  0:39  Gateway  
  15  0:41  Probe  
  15  0:49  Probe  
  16  0:57  Assimilator  
  17  1:03  Probe, Gateway  
  18  1:11  Probe  
  19  1:21  Probe  
  20  1:31  Cybernetics Core  
  20  1:33  Probe  
  20  1:34  Assimilator  
  21  1:44  Zealot, Pylon  
  22  2:16  Robotics Facility  
  22  2:23  Pylon  
  22  2:41  Zealot  
  20  3:11  Pylon  
  18  3:21  Immortal  
  18  3:37  Pylon  
  9  4:52  Probe  
  10  5:00  Probe  
  11  5:10  Probe  
  8  5:17  Gateway  
  8  5:24  Probe  
Tags
 
Add a new tag
Caveats
  • Supply blocks, unpowered buildings, or Contaminate may cause inaccurate times.
  • Supply counts are checked every 10 seconds.